 Dungeon Crawl Stone Soup version 0.27-a0-686-gaed091b46b (webtiles) character file.

Game seed: 13543755313133314847

320 jasper the Sneak (level 6, -2/49 HPs)
             Began as a Demonspawn Delver on Mar 21, 2021.
             Was a Follower of Trog.
             Killed by divine providence
             ... invoked by an orc priest
              (13 damage)
             ... on level 4 of the Dungeon.
             The game lasted 00:06:52 (4230 turns).

jasper the Sneak (Demonspawn Delver)                Turns: 4230, Time: 00:06:53

Health: -2/49      AC: 15    Str: 15    XL:     6   Next: 22%
Magic:  6/6        EV:  4    Int: 11    God:    Trog [*.....]
Gold:   117        SH:  0    Dex: 14    Spells: 5/5 levels left

rFire    . . .     SeeInvis .   a - +0 hand axe
rCold    . . .     Faith    .   F - +0 kite shield
rNeg     . . .     Spirit   .   x - +0 chain mail
rPois    .         Reflect  .   (no helmet)
rElec    .         Harm     .   l - +0 cloak
rCorr    .         Rampage  .   (no gloves)
Will     .....                  C - +0 pair of boots
Stlth    ..........             (no amulet)
HPRegen  0.16/turn              f - ring of flight
MPRegen  0.10/turn              y - +4 ring of protection

@: confused, ambrosia-drunk, berserk cooldown, slowed, very slow
A: hooves 1, rugged brown scales 1, demonic guardian 1, foul stench 1
a: Renounce Religion, Evoke Flight, Berserk


You were on level 4 of the Dungeon.
You worshipped Trog.
Trog was aware of your devotion.
You visited 1 branch of the dungeon, and saw 5 of its levels.

You collected 175 gold pieces.
You spent 58 gold pieces at shops.

Inventory:

Hand Weapons
 a - a +0 hand axe (weapon)
 h - a +2 falchion of holy wrath
 r - a +0 hunting sling
Missiles
 j - 171 stones
 m - 36 sling bullets
 s - 18 poisoned darts (quivered)
 D - 6 boomerangs
Armour
 b - a +0 leather armour
 k - a +0 ring mail
 l - a +0 cloak (worn)
 t - a +0 buckler
 x - a +0 chain mail (worn)
 C - a +0 pair of boots (worn)
 F - a +0 kite shield (worn)
Jewellery
 f - a ring of flight (right hand)
 y - a +4 ring of protection (left hand)
Wands
 g - a wand of digging (3)
Scrolls
 c - a scroll of fog
 d - a scroll of magic mapping
 e - 2 scrolls of fear
 i - 6 scrolls of identify {unknown}
 n - 2 scrolls of random uselessness {unknown}
 p - 2 scrolls of vulnerability {unknown}
 v - a scroll of amnesia {unknown}
Potions
 o - 2 potions of invisibility {unknown}
 q - a potion of might {unknown}
 u - 2 potions of curing {unknown}
 w - 2 potions of mutation {unknown}
 A - a potion of lignification {unknown}
 B - a potion of brilliance {unknown}
 E - 2 potions of degeneration {unknown}


   Skills:
 + Level 3.9 Fighting
 * Level 3.8 Axes
 + Level 2.0 Armour
 + Level 3.0 Dodging
 - Level 4.5 Stealth
 + Level 1.6 Shields


You had 5 spell levels left.
You didn't know any spells.
Your spell library contained the following spells:

 Spells                   Type           Power      Damage    Failure   Level
 Animate Skeleton         Necr           0%         N/A       100%        1
 Apportation              Tloc           0%         N/A       100%        1
 Corona                   Hex            0%         N/A       100%        1
 Summon Small Mammal      Summ           0%         N/A       100%        1


Dungeon Overview and Level Annotations

Branches:
Dungeon (5/15)
 Temple: D:4-7

Altars:
Dithmenos
Nemelex Xobeh
Ru
Trog
Uskayaw
Vehumet
Xom

Shops:
D:2 [

Annotations:
D:3 2 transporters


Innate Abilities, Weirdness & Mutations

You have large cloven feet.
You are partially covered in rugged brown scales. (AC +1, +3% HP)
A weak demonic guardian rushes to your aid.
You may rarely emit foul miasma when damaged in melee.


Message History

The phantom hits you but does no damage.
The orc priest hits you. The phantom hits you.
You take 4 damage, and have 16/43 hp.
You hit the phantom but do no damage.
The phantom is almost destroyed.
You completely miss the orc priest. You block the orc priest's attack.
The phantom hits you but does no damage.
The orc priest looks encouraged for a moment.
The phantom hits you but does no damage.
You hit the phantom.
You destroy the phantom!
Trog accepts your kill.
You closely miss the orc priest.
The orc priest hits you but does no damage. x2
The orc priest hits you.
Your Armour skill increases to level 2!
Your Dodging skill increases to level 3!
You have reached level 6!
Your experience leads to an increase in your attributes!
Increase (S)trength, (I)ntelligence, or (D)exterity?
You feel stronger.
Your demonic ancestry asserts itself...
You feel the presence of a demonic guardian.
You regained 2 hp, and now have 18/49 hp.
MP restored: 6
Okay, then.
You barely miss the orc priest.
The orc priest mumbles some strange prayers to Beogh against you.
Pain shoots through your body!
* * * LOW HITPOINT WARNING * * *
A demonic guardian appears!
You take 13 damage, and have 5/49 hp.
MASSIVE DAMAGE!!
You are confused.
You feel invigorated.
The orc priest hits you but does no damage.
Your quasit closely misses the orc priest.
Your quasit claws the orc priest but does no damage.
Your quasit closely misses the orc priest.
The orc priest invokes the aid of Beogh against you.
Beogh smites you!
You die...

.........#######
#.# #.# #.
########## #.# #.#
#. # #.# #.# ## #
#####.######.# # #
#............# # #
#.###.######.# # #
#.# #.######.#####
# #.#
#.#........... #
#@# #............#
#
#o###...####.###.#
# #.5.....# #.#
#.# # #>.###..#
#.# #.. #
#..###..####.# ###
#............#####
##.###...........#
# #.#
#.#########.# #
#.# #.# #...#


You could see an orc priest (ally target) and a friendly quasit (summoned).

Vanquished Creatures
  A phantom (D:4)
  3 orc wizards
  A worker ant (D:4)
  4 adders
  An ufetubus (D:5)
  A worm (D:3)
  4 dart slugs
  9 orcs
  6 giant cockroaches
  12 goblins
  10 hobgoblins
  6 jackals
  A quokka (D:4)
  10 bats
  3 frilled lizards
  7 kobolds
  7 rats
86 creatures vanquished.

Notes
Turn   | Place    | Note
-------+----------+-------------------------------------------
     0 | D:5      | jasper the Demonspawn Delver began the quest for the Orb.
     0 | D:5      | Reached XP level 1. HP: 18/18 MP: 1/1
    69 | D:4      | Found a radiant altar of Vehumet.
   458 | D:3      | Gained mutation: You may rarely emit foul miasma when
                  | damaged in melee. [demonic ancestry]
   458 | D:3      | Reached XP level 2. HP: 24/24 MP: 2/2
   984 | D:1      | Found a shadowy altar of Dithmenos.
  1297 | D:1      | Gained mutation: You have large cloven feet. [demonic
                  | ancestry]
  1297 | D:1      | Reached XP level 3. HP: 28/29 MP: 3/3
  1831 | D:1      | Reached skill level 1 in Armour
  1964 | D:2      | Found a bloodstained altar of Trog.
  2001 | D:2      | Became a worshipper of Trog the Wrathful
  2081 | D:2      | Found Zopsam's Armour Shop.
  2123 | D:2      | Bought a +0 buckler for 58 gold pieces
  2653 | D:2      | Reached XP level 4. HP: 35/35 MP: 4/4
  2862 | D:2      | Reached * piety under Trog
  2993 | D:3      | Noticed an ice beast
  3126 | D:3      | Found a transporter.
  3132 | D:3      | Noticed an ogre
  3135 | D:3      | Found a sparkling altar of Nemelex Xobeh.
  3140 | D:3      | Found a hide-covered altar of Uskayaw.
  3140 | D:3      | Found a sacrificial altar of Ru.
  3142 | D:3      | Noticed a kobold brigand
  3188 | D:3      | Found a transporter.
  3190 | D:3      | Found a shimmering altar of Xom.
  3191 | D:3      | Noticed a yak
  3706 | D:4      | Reached skill level 1 in Shields
  3706 | D:4      | Gained mutation: You are partially covered in rugged brown
                  | scales. (AC +1, +3% HP) [demonic ancestry]
  3706 | D:4      | Reached XP level 5. HP: 42/42 MP: 5/5
  4204 | D:5      | Noticed a phantom
  4228 | D:4      | Killed a phantom
  4229 | D:4      | Gained mutation: A weak demonic guardian rushes to your
                  | aid. [demonic ancestry]
  4229 | D:4      | Reached XP level 6. HP: 18/49 MP: 6/6
  4230 | D:4      | Killed from afar by an orc priest

Illustrated notes

Levels and vault maps discovered:
D:1:      saegor_arrival_simple_e, layout_rooms, serial_co_window_serial,
          co_window_corner_a, co_window_of_opportunity_a,
          co_window_of_opportunity_a, co_window_of_opportunity_a,
          co_window_paths_b, co_window_broadway_c, co_window_broadway_c,
          co_window_corner_cb, co_window_corner_b, co_window_broadway_a,
          co_window_4corner_b, glass_columns_b, glass_columns_a, st_stairs_12,
          roderic_malta_cross, minmay_misc_feat_enclosed, hex_intersection,
          minmay_hexomino_r4
D:2:      layout_basic, lemuel_crystal_altar, serial_shops,
          nicolae_shop_waterfront, minmay_goblin_kobold_house
D:3:      layout_loops_cross, grunt_temple_overflow_open,
          gammafunk_temple_overflow_arena
D:4:      layout_loops_ring, kennysheep_mini
D:5:      old_forge, layout_loops_cross, general_overflow_altar,
          minmay_temple_entry_grid, chequers_mini_garden, minmay_puff

Skill      XL: |  1  2  3  4  5 |
---------------+----------------+-----
Axes           | 2 3 |  3.8
Dodging        | 2 3 |  3.0
Armour         | 1 2 |  2.0
Shields        | 1 |  1.6
Fighting       | |  3.9
Stealth        | |  4.5

Action                   |  1- 3 |  4- 6 || total
-------------------------+-------+-------++-------
Melee: Hand axe          |   101 |    69 ||   170
       Kick              |    11 |     8 ||    19
 Fire: Hunting sling     |    57 |    61 ||   118
Throw: Stone             |    60 |       ||    60
       Dart              |     1 |       ||     1
Invok: Berserk           |       |     3 ||     3
  Use: Potion            |     2 |     1 ||     3
Armor: Leather armour    |     1 |       ||     1
       Ring mail         |    53 |       ||    53
       Chain mail        |    13 |    69 ||    82
Dodge: Dodged            |    81 |    19 ||   100
Block: Buckler           |     6 |     7 ||    13
       Kite shield       |       |     8 ||     8

Table legend: (Time is in decaauts)
 A = Elapsed time spent in this place.
 B = Non-inter-level travel time spent in this place.
 C = Inter-level travel time spent in this place.
 D = Time resting spent in this place.
 E = Time spent auto-exploring this place.
 F = Levels seen in this place.
 G = Mean time per level.
                   A        B        C        D        E       F      G
               +--------+--------+--------+--------+--------+-----+--------+
         Total |   4299 |   4129 |    170 |    276 |   2907 |   5 |  859.8 |
       Dungeon |   4299 |   4129 |    170 |    276 |   2907 |   5 |  859.8 |
               +--------+--------+--------+--------+--------+-----+--------+

Top non-repeatable levels by time:
     D:1: 1421 daAuts
     D:2: 1096 daAuts
     D:3: 890 daAuts
     D:4: 817 daAuts
     D:5: 73 daAuts
